 Dungeon Crawl Stone Soup version 0.27-a0-705-ga0013940fb (webtiles) character file.

Game seed: 13529462393897312017

18185 dolemite99 the Basher (level 12, 0/113 HPs)
             Began as a Minotaur Fighter on Mar 23, 2021.
             Was a Follower of Uskayaw.
             Slain by Rupert
             ... wielding a +4 vorpal triple sword
              (1 damage)
             ... on level 13 of the Dungeon.
             The game lasted 00:21:13 (14922 turns).

dolemite99 the Basher (Minotaur Fighter)           Turns: 14922, Time: 00:21:14

Health: 0/113      AC: 21    Str: 28    XL:     12   Next: 25%
Magic:  16/16      EV: 11    Int:  5    God:    Uskayaw [*.....]
Gold:   254        SH:  0    Dex:  9    Spells: 11/11 levels left

rFire    . . .     SeeInvis +   a - +9 flail "Goblinslayer" {venom, rPois Dex-2 SInv}
rCold    . . .     Faith    .   (no shield)
rNeg     . . .     Spirit   .   J - +0 plate armour
rPois    +         Reflect  .   l - +2 hat {Will+}
rElec    .         Harm     .   (no cloak)
rCorr    .         Rampage  .   G - +2 pair of gloves {Str+3}
Will     ++...                  N - +2 pair of boots
Stlth    ..........             (no amulet)
HPRegen  0.28/turn              L - +4 ring of evasion
MPRegen  0.15/turn              f - ring of willpower

@: mighty
A: horns 2, retaliatory headbutt
a: Renounce Religion, Stomp


You were on level 13 of the Dungeon.
You worshipped Uskayaw.
Uskayaw was noncommittal.
You visited 1 branch of the dungeon, and saw 15 of its levels.
You also visited: Sewer.

You collected 974 gold pieces.
You spent 720 gold pieces at shops.

Inventory:

Hand Weapons
 a - the +9 flail "Goblinslayer" (weapon) {venom, rPois Dex-2 SInv}
   (You took it off an orc on level 8 of the Dungeon)

   It poisons the flesh of those it strikes.
   It affects your dexterity (-2).
   It protects you from poison.
   It lets you see invisible.
 b - a +1 longbow of freezing
 n - a +2 morningstar of venom
 s - a +0 shortbow
 y - a +0 flail
 E - a +3 flail of draining
 W - a +0 arbalest
 X - a +0 vorpal hunting sling
 Y - a +0 morningstar of draining
Missiles
 e - 52 poisoned darts (quivered)
 h - 401 arrows
 o - 423 stones
 q - 91 sling bullets
 D - 7 boomerangs
Armour
 c - a +0 kite shield
 j - a +2 buckler
 l - a +2 hat of willpower (worn)
 p - a +1 pair of boots
 A - +0 swamp dragon scales
 G - a +2 pair of gloves of strength (worn)
 J - a +0 plate armour (worn)
 N - a +2 pair of boots (worn)
Jewellery
 f - a ring of willpower (left hand)
 B - a ring of resist corrosion
 K - a ring of fire
 L - a +4 ring of evasion (right hand)
 P - a ring of fire
 Q - a ring of protection from cold
Wands
 k - a wand of flame (5)
 v - a wand of paralysis (12)
 F - a wand of iceblast (1)
 H - a wand of random effects (14)
 T - a wand of digging (6)
Scrolls
 m - 6 scrolls of teleportation
 I - a scroll of enchant armour
 V - a scroll of identify {@r1}
Potions
 d - a potion of might
 g - 2 potions of brilliance
 r - 3 potions of berserk rage
 t - 3 potions of flight
 u - 7 potions of curing
 w - a potion of magic {unknown}
 x - 3 potions of resistance
 z - 2 potions of invisibility
 C - 5 potions of lignification
 O - 2 potions of cancellation
 R - a potion of heal wounds
 S - a potion of mutation {unknown}
 U - a potion of ambrosia {unknown}
Miscellaneous
 M - a phantom mirror (inert)


   Skills:
 - Level 12.6 Fighting
 - Level 13.4 Maces & Flails
 + Level 9.8 Bows
 - Level 3.0 Throwing
 - Level 5.7 Armour
 - Level 3.6 Shields
 - Level 7.6 Invocations
 - Level 3.0 Evocations


You had 11 spell levels left.
You didn't know any spells.
Your spell library contained the following spells:

 Spells                   Type           Power      Damage    Failure   Level
 Animate Skeleton         Necr           0%         N/A       99%         1
 Apportation              Tloc           0%         N/A       99%         1
 Corona                   Hex            0%         N/A       99%         1
 Magic Dart               Conj           0%         1d3       99%         1
 Pain                     Necr           0%         1d4       99%         1
 Summon Small Mammal      Summ           0%         N/A       99%         1
 Blink                    Tloc           N/A        N/A       100%        2
 Call Imp                 Summ           0%         N/A       100%        2
 Ensorcelled Hibernation  Hex/Ice        0%         N/A       100%        2
 Slow                     Hex            0%         N/A       100%        2
 Call Canine Familiar     Summ           0%         N/A       100%        3
 Confusing Touch          Hex            0%         N/A       100%        3
 Conjure Flame            Conj/Fire      0%         6-21      100%        3
 Dazzling Flash           Conj/Hex       0%         N/A       100%        3
 Mephitic Cloud           Conj/Pois/Air  0%         N/A       100%        3
 Summon Guardian Golem    Hex/Summ       0%         N/A       100%        3
 Tukima's Dance           Hex            0%         N/A       100%        3
 Vampiric Draining        Necr           0%         2d6       100%        3
 Animate Dead             Necr           0%         N/A       100%        4
 Summon Ice Beast         Ice/Summ       0%         N/A       100%        4
 Summon Lightning Spire   Summ/Air       0%         N/A       100%        4
 Agony                    Necr           0%         N/A       100%        5
 Excruciating Wounds      Necr           0%         N/A       100%        5
 Malign Gateway           Summ/Tloc      0%         N/A       100%        7
 Borgnjor's Revivificati  Necr           0%         N/A       100%        8
 Infestation              Necr           0%         N/A       100%        8
 Necromutation            Tmut/Necr      0%         N/A       100%        8
 Death's Door             Necr           0%         N/A       100%        9


Dungeon Overview and Level Annotations

Branches:
Dungeon (15/15)            Temple (0/1) D:5            Lair (0/6) D:11
    Orc (0/2) D:12          Sewer (visited)
 Vaults: D:13-14     Depths: D:15

Altars:
Elyvilon
Fedhas
Gozag
Hepliaklqana
Kikubaaqudgha
Makhleb
Okawaru
Ru
Uskayaw
Vehumet
Wu Jian
Xom
Zin
The Shining One

Shops:
D:1 (   D:5 [   D:6 *   D:10 *   D:12 !

Annotations:
D:3 1 runed translucent door
D:11 exclusion: 2 oklob plants
D:13 Erolcha, Rupert


Innate Abilities, Weirdness & Mutations

You have a pair of horns on your head.
You reflexively headbutt those who attack you in melee.


Message History

Rupert roars wildly at Rupert.
Rupert resists with almost no effort.
Rupert roars wildly at you. You resist with almost no effort.
Rupert hits Rupert with a +4 vorpal triple sword!!
Rupert roars madly and goes into a rage!
Rupert goes berserk!
Erolcha the Cunning comes into view.
She is wielding a +0 giant spiked club.
Aiming: Paralyse
Press: ? - help, Shift-Dir - straight line, f/p - Rupert
Aim: Rupert, wielding a +4 vorpal triple sword and wearing a +0 leather armour (lightly wounded, berserk, ally target, chance to affect: 3%) Rupert resists with almost no effort.
Your +1 longbow of freezing stops glowing.
You feel clumsy.
The +9 flail "Goblinslayer" {venom, rPois Dex-2 SInv} begins to drip with poison!
a - the +9 flail "Goblinslayer" (weapon)
{venom, rPois Dex-2 SInv} Erolcha mumbles some strange words.
Erolcha blinks!
Rupert misses you. You furiously retaliate!
You headbutt Rupert.
You feel very mighty all of a sudden.
Rupert hits you with a +4 vorpal triple sword!!
Rupert hits Rupert with a +4 vorpal triple sword!!
You sock Rupert!
Rupert is heavily wounded.
Rupert hits you with a +4 vorpal triple sword!
Rupert hits Rupert with a +4 vorpal triple sword!
You bludgeon Rupert!! Your headbutt misses Rupert.
Rupert is severely wounded.
Rupert hits you with a +4 vorpal triple sword!!
* * * LOW HITPOINT WARNING * * *
x2
As you read the scroll of fear, it crumbles to dust.
You assume a fearsome visage.
Erolcha looks frightened!
Rupert shimmers and vanishes!
Rupert hits you with a +4 vorpal triple sword!
* * * LOW HITPOINT WARNING * * *
x2 Erolcha mumbles some strange words.
Erolcha blinks!
Rupert hits you with a +4 vorpal triple sword!!
* * * LOW HITPOINT WARNING * * *
You die...

#####'#####.......#
#.......#......#...
#...........†..# #
#..............####.#
#...................#
#.......####+########
#.......#
#.......###########
#.......'.......@.#
#.......#########@#
#.......# #.#
#.####### $.# #. ..#
..§# .#.. ..#§#


You could see Rupert (berserk).

Vanquished Creatures
  Erica (D:8)
  4 two-headed ogres
  3 unseen horrors
  2 cyclopes
  2 ugly things
  4 molten gargoyles (D:10)
  Maggie (D:8)
  3 trolls
  A hornet (shapeshifter) (D:13)
  4 slime creatures (D:12)
  A vampire (D:11)
  A shadow (D:13)
  A wraith (D:7)
  5 yaks
  Eustachio (D:5)
  5 sky beasts
  2 black bears
  4 orc warriors
  7 ogres
  2 necrophages
  4 ice beasts
  12 centaurs
  4 phantoms
  2 kobold brigands
  6 bullfrogs
  3 wyvern zombies
  3 scorpions
  9 killer bees
  An electric eel (D:13)
  2 bullfrog zombies
  14 howler monkeys
  A lava snake (D:10)
  6 jellies
  A gnoll shaman (D:8)
  7 orc priests
  2 hounds
  A bullfrog skeleton (D:10)
  7 centaur skeletons
  8 worker ants
  Ijyb (D:5)
  11 iguanas
  6 orc wizards
  A hound zombie (D:9)
  A hound skeleton (D:8)
  A howler monkey zombie (D:7)
  2 worker ant zombies
  13 adders
  8 gnolls
  2 river rats (Sewer)
  3 shadow imps
  A white imp (D:7)
  2 ufetubi
  3 adder skeletons
  2 worms
  47 orcs
  5 giant cockroaches
  6 goblins
  6 hobgoblins (D:2)
  2 jackals (Sewer)
  13 kobolds
  2 oozes
  10 quokkas
  4 ball pythons
  A bat (D:1)
  2 frilled lizards (D:2)
  A jackal zombie (D:5)
  12 rats
315 creatures vanquished.

Vanquished Creatures (others)
  An adder (D:8)
  A fungus (D:7)
2 creatures vanquished.

Grand Total: 317 creatures vanquished

Notes
Turn   | Place    | Note
-------+----------+-------------------------------------------
     0 | D:1      | dolemite99 the Minotaur Fighter began the quest for the
                  | Orb.
     0 | D:1      | Reached XP level 1. HP: 19/19 MP: 0/0
    33 | D:1      | Found Ynagyoda's Weapon Boutique.
   215 | D:1      | Reached skill level 3 in Maces & Flails
   273 | D:1      | Reached XP level 2. HP: 24/26 MP: 1/1
   562 | D:2      | Found a sacrificial altar of Ru.
   576 | D:2      | Became a worshipper of Ru the Awakened
   977 | D:2      | Noticed a +0 dagger
   979 | D:2      | Noticed a +0 dagger
   980 | D:2      | Found a hide-covered altar of Uskayaw.
   998 | D:2      | Fell from the grace of Ru
   998 | D:2      | Became a worshipper of Uskayaw the Reveller
  1006 | D:2      | Reached * piety under Uskayaw
  1009 | D:2      | Reached ** piety under Uskayaw
  1013 | D:2      | Reached *** piety under Uskayaw
  1015 | D:2      | Reached skill level 4 in Maces & Flails
  1015 | D:2      | Reached **** piety under Uskayaw
  1026 | D:2      | Reached ***** piety under Uskayaw
  1028 | D:2      | Reached XP level 3. HP: 26/31 MP: 2/2
  1694 | D:3      | Found a runed translucent door.
  1858 | D:3      | Found a glowing drain.
  1871 | D:3      | Reached skill level 5 in Maces & Flails
  1888 | Sewer    | Entered a sewer
  1895 | Sewer    | Reached XP level 4. HP: 39/39 MP: 3/3
  1998 | Sewer    | Noticed a kobold brigand
  2012 | Sewer    | Killed a kobold brigand
  2013 | Sewer    | Reached skill level 6 in Maces & Flails
  2013 | Sewer    | Reached XP level 5. HP: 37/45 MP: 4/4
  2113 | Sewer    | Found a white marble altar of Elyvilon.
  2481 | D:3      | Found a glowing golden altar of the Shining One.
  2482 | D:3      | Noticed an angel
  2589 | D:4      | Reached skill level 7 in Maces & Flails
  2593 | D:4      | Found an ornate altar of the Wu Jian Council.
  2753 | D:4      | Found a white marble altar of Elyvilon.
  2950 | D:4      | Found a shimmering altar of Xom.
  3111 | D:4      | Noticed an ogre
  3118 | D:4      | Killed an ogre
  3119 | D:4      | Reached skill level 8 in Maces & Flails
  3119 | D:4      | Reached XP level 6. HP: 40/51 MP: 5/5
  3317 | D:4      | Found a faded altar of an unknown god.
  3317 | D:4      | Found a faded altar of an unknown god.
  3319 | D:4      | Found a faded altar of an unknown god.
  3319 | D:4      | Found a hazy altar of Hepliaklqana.
  3508 | D:1      | Bought 13 poisoned darts for 62 gold pieces
  3629 | D:5      | Entered Level 5 of the Dungeon
  3630 | D:5      | Noticed Eustachio
  3640 | D:5      | Killed Eustachio
  3641 | D:5      | Reached XP level 7. HP: 57/57 MP: 6/6
  4329 | D:5      | Found an iron altar of Okawaru.
  4420 | D:5      | Found a staircase to the Ecumenical Temple.
  4476 | D:5      | Reached skill level 5 in Armour
  4591 | D:5      | Noticed Ijyb
  4599 | D:5      | Killed Ijyb
  4720 | D:5      | Found Voteory's Armour Shop.
  4730 | D:5      | Bought a +1 pair of gloves of strength for 214 gold pieces
  5018 | D:6      | Reached skill level 1 in Evocations
  5132 | D:6      | Found Dacofeg's Assorted Antiques.
  5154 | D:6      | Reached XP level 8. HP: 59/64 MP: 7/7
  5187 | D:6      | Bought a scroll labelled MUIXYS NEUSCHIU for 17 gold pieces
  5198 | D:6      | Reached skill level 1 in Invocations
  5323 | D:6      | Found an opulent altar of Gozag.
  5837 | D:6      | Found a radiant altar of Vehumet.
  5839 | D:6      | Found a shimmering altar of Xom.
  6182 | D:7      | Reached skill level 5 in Invocations
  6479 | D:7      | Reached XP level 9. HP: 70/70 MP: 13/13
  6675 | D:7      | Found a blossoming altar of Fedhas.
  7009 | D:7      | Reached skill level 5 in Fighting
  7072 | D:7      | Noticed a brown ugly thing
  7072 | D:7      | Noticed a troll
  7089 | D:7      | Killed a brown ugly thing
  7091 | D:7      | Killed a troll
  7103 | D:7      | Killed an unseen horror
  7104 | D:7      | Reached skill level 10 in Fighting
  7104 | D:7      | Reached XP level 10. HP: 51/93 MP: 14/14
  7288 | D:7      | Identified the Papyrus of the Entourage and Stolen Souls
  7635 | D:8      | Noticed Maggie
  7736 | D:8      | Noticed Erica
  7795 | D:8      | Killed Maggie
  7818 | D:8      | Reached ****** piety under Uskayaw
  7892 | D:8      | Killed Erica
  8119 | D:8      | Found a burning altar of Makhleb.
  8281 | D:8      | Identified the +9 flail "Goblinslayer" {venom, rPois Dex-2
                  | SInv}
  8614 | D:9      | Reached skill level 9 in Maces & Flails
  9055 | D:9      | Found an ancient bone altar of Kikubaaqudgha.
  9324 | D:9      | Reached skill level 10 in Maces & Flails
  9330 | D:9      | Found a glowing golden altar of the Shining One.
  9437 | D:9      | Noticed a two-headed ogre
  9445 | D:9      | Killed a two-headed ogre
  9690 | D:9      | Identified the +1 ring mail "Jaol" {rElec Regen+ Dex+2
                  | Stlth-}
  9805 | D:9      | Found a glowing silver altar of Zin.
  9876 | D:9      | You fall into a shaft and drop 3 floors!
  9876 | D:12     | Found a staircase to the Orcish Mines.
 10013 | D:12     | You fall into a shaft and drop 1 floor!
 10148 | D:13     | Reached skill level 11 in Maces & Flails
 10248 | D:13     | Reached XP level 11. HP: 105/105 MP: 15/15
 10254 | D:13     | Noticed an unseen horror
 10256 | D:13     | Killed an unseen horror
 10455 | D:12     | Reached skill level 12 in Maces & Flails
 10585 | D:12     | Found Woegh's Distillery.
 10797 | D:12     | You fall into a shaft and drop 3 floors!
 10797 | D:15     | Entered Level 15 of the Dungeon
 10845 | D:13     | Noticed a two-headed ogre
 10968 | D:12     | Noticed a two-headed ogre
 10980 | D:12     | Killed a two-headed ogre
 10981 | D:12     | Reached skill level 13 in Maces & Flails
 11384 | D:11     | Noticed an oklob plant
 11682 | D:10     | Entered Level 10 of the Dungeon
 11707 | D:10     | Reached skill level 1 in Bows
 11958 | D:10     | Reached skill level 5 in Bows
 12899 | D:10     | Noticed a two-headed ogre
 12905 | D:10     | Killed a two-headed ogre
 13099 | D:10     | Found Akkioch's Assorted Antiques.
 13102 | D:10     | Bought a scroll labelled KYLOUTRIKOO for 24 gold pieces
 13203 | D:10     | Bought a potion of curing for 72 gold pieces
 13203 | D:10     | Bought a potion of heal wounds for 120 gold pieces
 13203 | D:10     | Bought 2 viscous white potions for 43 gold pieces
 13203 | D:10     | Bought a scroll of identify for 48 gold pieces
 13205 | D:10     | Bought a potion of berserk rage for 120 gold pieces
 13282 | D:10     | Noticed an unseen horror
 13285 | D:10     | Killed an unseen horror
 13661 | D:11     | Reached XP level 12. HP: 105/113 MP: 16/16
 13918 | D:11     | Found a staircase to the Lair.
 14637 | D:13     | Killed a two-headed ogre
 14766 | D:13     | Paralysed by a hornet for 1 turns
 14914 | D:13     | Noticed Rupert
 14916 | D:13     | Noticed Erolcha
 14922 | D:13     | HP: 1/113 [Rupert/+4 vorpal triple sword (18)]
 14922 | D:13     | Slain by Rupert

Illustrated notes

Levels and vault maps discovered:
D:1:      amcnicky_arrival_single_pillar, layout_rooms, serial_shops, shop
D:2:      layout_loops_corners, lemuel_round_altar, dancing_weapons_uskayaw,
          kennysheep_doodads, minmay_goblin_outpost
D:3:      layout_basic, portal_sewer_entry_c, lemuel_angel_altar
D:4:      layout_basic, nzn_wu_jian_council_hall, kennysheep_little_box,
          nicolae_hepliaklqana_ecumenical_no_more, tgw_xom
D:5:      layout_gridville, kennysheep_mini, temple_fountains, serial_shops,
          shop, uniq_ijyb, uniq_eustachio
D:6:      layout_rooms, nicolae_overflow_hidden_temple, serial_shops, shop,
          basic_altar, minmay_pentangle
D:7:      minmay_the_grid_triangle_9x9_rhombus_full
          [minmay_the_grid_triangle_9x9_swiss_cheese,
          minmay_the_grid_triangle_9x9_skeleton,
          minmay_the_grid_triangle_9x9_stretched_checkered,
          minmay_the_grid_triangle_9x9_negative_grid,
          minmay_the_grid_triangle_9x9_odd_lines,
          minmay_the_grid_triangle_9x9_cache,
          minmay_the_grid_triangle_9x9_warning,
          minmay_the_grid_triangle_9x9_prize_schism], layout_loops_ring,
          fedhas_altar_3, minmay_liquid_box, grunt_ministairs_5, kb_rosetta
D:8:      layout_rooms, makhleb_blood_cavern_becter, uniq_erica, uniq_maggie
D:9:      layout_grid_maze, nicolae_kikubaaqudgha_miasma_corner,
          lemuel_round_altar, lemuel_coloured_pillars_altar,
          nicolae_ru_path_of_blood
D:10:     layout_basic, serial_shops, shop, minivault_8
D:11:     layout_loops_ring, dpeg_oklobed_lair, minmay_misc_feat_pillars,
          minmay_misc_feat_four_crosses, minmay_circle_x
D:12:     layout_basic, orc_0_dummy, serial_shops, shop
D:13:     layout_basic, skrybe_vaults_entry_preservation, uniq_rupert,
          uniq_erolcha
D:14:     layout_stronghold, drop_trap, hangedman_decor_lopped,
          minmay_misc_feat_rows
D:15:     gammafunk_depths_entry_grave, layout_loops_ring, serial_shops,
          nicolae_shop_waterfront, hangedman_decor_riveting,
          argonaut_gorgonesque

Skill      XL: |  1  2  3  4  5  6  7  8  9 10 11 12 |
---------------+-------------------------------------+-----
Maces & Flails | 3 4 5 6 8 11 13 | 13.4
Throwing       | 2 3 |  3.0
Armour         | 5 |  5.7
Evocations     | 2 3 |  3.0
Invocations    | 6 7 |  7.6
Fighting       | 10 12 | 12.6
Bows           | 7 9 |  9.8
Shields        | |  3.6

Action                   |  1- 3 |  4- 6 |  7- 9 | 10-12 || total
-------------------------+-------+-------+-------+-------++-------
Melee: Flail             |    70 |    47 |   205 |   299 ||   621
       Headbutt          |     9 |     6 |    42 |    52 ||   109
 Fire: Hunting sling     |    24 |    26 |    12 |       ||    62
       Longbow           |       |       |       |    88 ||    88
Throw: Dart              |     6 |    33 |    60 |    76 ||   175
Invok: Grand Finale      |       |       |       |     1 ||     1
Evoke: Wand              |       |       |     3 |    22 ||    25
       Phantom mirror    |       |       |       |     2 ||     2
  Use: Scroll            |       |     3 |    13 |    14 ||    30
       Potion            |       |       |     2 |     8 ||    10
 Stab: Paralysed         |     3 |     1 |    11 |    19 ||    34
Armor: Scale mail        |    45 |    26 |       |       ||    71
       Chain mail        |       |     3 |    94 |       ||    97
       Plate armour      |       |       |    30 |   157 ||   187
Dodge: Dodged            |    33 |    27 |    68 |   146 ||   274
Block: Kite shield       |    13 |       |       |       ||    13
       Buckler           |    21 |    20 |    62 |    79 ||   182

Table legend: (Time is in decaauts)
 A = Elapsed time spent in this place.
 B = Non-inter-level travel time spent in this place.
 C = Inter-level travel time spent in this place.
 D = Time resting spent in this place.
 E = Time spent auto-exploring this place.
 F = Levels seen in this place.
 G = Mean time per level.
                   A        B        C        D        E       F      G
               +--------+--------+--------+--------+--------+-----+--------+
         Total |  14924 |  14378 |    546 |   3287 |   8335 |  16 |  932.8 |
       Dungeon |  14614 |  14068 |    546 |   3244 |   8152 |  15 |  974.3 |
         Sewer |    309 |    309 |      0 |     43 |    183 |   1 |  309.0 |
               +--------+--------+--------+--------+--------+-----+--------+

Top non-repeatable levels by time:
    D:10: 1897 daAuts
     D:7: 1715 daAuts
     D:5: 1381 daAuts
     D:9: 1275 daAuts
    D:12: 1243 daAuts
     D:2: 1140 daAuts
    D:11: 1118 daAuts
     D:6: 983 daAuts
     D:4: 922 daAuts
     D:8: 857 daAuts
    D:13: 730 daAuts
     D:1: 689 daAuts
     D:3: 637 daAuts
   Sewer: 309 daAuts
    D:14: 19 daAuts
